 Dungeon Crawl Stone Soup version 0.28.0-53-g5a82cb258f (webtiles) character file.

Game seed: 12841189265268452016

61742 Sin92 the Cleaver (level 14, -20/119 HPs)
             Began as a Demonspawn Fighter on July 11, 2022.
             Was the Champion of Okawaru.
             Killed from afar by a fire dragon (51 damage)
             ... with a blast of flame
             ... on level 6 of the Lair of Beasts.
             The game lasted 00:45:24 (24669 turns).

Sin92 the Cleaver (Demonspawn Fighter)             Turns: 24669, Time: 00:45:24

Health: -20/119    AC: 32    Str: 17    XL:     14   Next: 61%
Magic:  19/20      EV:  7    Int: 10    God:    Okawaru [******]
Gold:   1081       SH: 13    Dex: 17    Spells: 20/20 levels left

rFire   . . .      SeeInvis .   E - +8 woodcutter's axe {vorpal}
rCold   . . .      Faith    .   c - +0 buckler
rNeg    . . .      Spirit   .   H - +0 crystal plate armour
rPois   .          Reflect  +   U - +1 hat {Stlth+}
rElec   .          Harm     .   q - +0 cloak
rCorr   .          Rampage  .   (no gloves)
Will    +....                   (no boots)
Stlth   ..........              L - amulet of reflection
HPRegen 0.29/turn               i - ring of flight
MPRegen 0.17/turn               s - +4 ring of protection

@: heroic, flying
A: rugged brown scales 2, foul stench 3, powered by pain 2, weakness stinger 2
a: Renounce Religion, Heroism, Finesse, Duel


You were on level 6 of the Lair of Beasts.
You worshipped Okawaru.
Okawaru was exalted by your worship.
You visited 3 branches of the dungeon, and saw 17 of its levels.
You also visited: Ossuary.

You collected 1081 gold pieces.

Inventory:

Hand Weapons
 z - the +9 trident of the Hidden Vale {drain, rC+ MP+9 Dex-5}
   (You found it on level 7 of the Dungeon)

   A truly terrible weapon, it drains the life of any living foe it strikes.
   Dex:       It affects your dexterity (-5).
   rC:        It protects you from cold.
   MP:        It affects your magic capacity (+9).
 E - the +8 woodcutter's axe (weapon) {vorpal}
   (You found it on level 8 of the Dungeon)

   It inflicts extra damage upon your enemies.
 Z - a +1 broad axe of flaming
Armour
 c - a +0 buckler (worn)
 q - a +0 cloak (worn)
 H - a +0 crystal plate armour (worn)
 U - a +1 hat of stealth (worn)
Jewellery
 a - an amulet of regeneration
 b - a ring of positive energy
 i - a ring of flight (left hand)
 s - a +4 ring of protection (right hand)
 D - a ring of protection from cold
 K - a ring of willpower
 L - an amulet of reflection (around neck)
Wands
 y - a wand of digging (6)
Scrolls
 g - 2 scrolls of fog
 h - 3 scrolls of blinking
 m - a scroll of brand weapon
 r - a scroll of summoning
 w - 3 scrolls of magic mapping
 I - 3 scrolls of fear
 O - 3 scrolls of teleportation
 S - a scroll of amnesia
Potions
 d - 2 potions of might
 e - 7 potions of curing
 f - a potion of invisibility
 j - 4 potions of flight
 k - 3 potions of magic
 l - 2 potions of haste
 n - 2 potions of heal wounds
 o - 4 potions of mutation
 p - 2 potions of resistance
 C - a potion of berserk rage
 G - 2 potions of attraction
 P - a potion of brilliance
 V - 2 potions of cancellation
 X - 12 potions of ambrosia


   Skills:
 + Level 11.7(16.7) Fighting
 * Level 13.0(18.0) Axes
 + Level 10.8(15.8) Armour
 - Level 6.5(11.5) Dodging
 - Level 4.0(9.0) Stealth
 + Level 10.7(15.7) Shields
 - Level 3.5 Spellcasting
 - Level 8.0 Invocations


You had 20 spell levels left.
You didn't know any spells.
Your spell library contained the following spells:

 Spells                   Type           Power      Damage    Failure   Level
 Magic Dart               Conj           4%         1d3       100%        1
 Ensorcelled Hibernation  Hex/Ice        2%         N/A       100%        2
 Static Discharge         Conj/Air       1%         N/A       100%        2
 Ignite Poison            Fire/Tmut/Pois 1%         N/A       100%        3
 Mephitic Cloud           Conj/Pois/Air  1%         N/A       100%        3
 Spider Form              Tmut/Pois      1%         N/A       100%        3
 Anguish                  Hex/Necr       0%         N/A       100%        4
 Dispel Undead            Necr           1%         3d6       100%        4
 Sticky Flame             Conj/Fire      1%         2d3       100%        4
 Alistair's Intoxication  Tmut/Pois      0%         N/A       100%        5
 Dispersal                Tloc           0%         N/A       100%        6
 Storm Form               Tmut/Air       0%         N/A       100%        7
 Disjunction              Tloc           0%         N/A       100%        8
 Maxwell's Capacitive Co  Air            0%         ∞         100%        8
 Call Imp                 Summ           Unusable   N/A       N/A         2
 Summon Lightning Spire   Summ/Air       Unusable   N/A       N/A         4
 Dragon's Call            Summ           Unusable   N/A       N/A         9

Dungeon Overview and Level Annotations

Branches:
Dungeon (10/15)            Temple (1/1) D:5            Lair (6/6) D:9
 Shoals (0/4) Lair:3       Spider (0/4) Lair:2        Slime (0/5) Lair:5
Ossuary (visited)
    Orc: D:9-12

Altars:
Ashenzari
Cheibriados
Dithmenos
Fedhas
Gozag
Hepliaklqana
Makhleb
Nemelex Xobeh
Okawaru
Qazlal
Ru
Sif Muna
Trog
Zin
Jiyva

Annotations:
Lair:5 1 runed translucent door


Innate Abilities, Weirdness & Mutations

You are mostly covered in rugged brown scales. (AC +2, +5% HP)
You frequently emit foul miasma when damaged in melee.
You sometimes gain power by taking damage.
You have a tail ending in a sharp stinger.


Message History

You slash the fire dragon!
The fire dragon is heavily wounded.
The fire dragon bites you but does no damage.
The fire dragon claws you but does no damage.
You block the fire dragon's attack.
You closely miss the fire dragon.
The fire dragon is heavily wounded.
The fire dragon breathes flames at you. The blast of flame hits you!!
* * * LOW HITPOINT WARNING * * *
You hear a roar!
You hit the fire dragon.
You tail-slap the fire dragon, but do no damage.
The fire dragon is heavily wounded.
You are engulfed in a cloud of scalding steam.
* * * LOW HITPOINT WARNING * * *
The fire dragon bites you but does no damage.
The fire dragon completely misses you.
The fire dragon tramples you but does no damage.
Okay, then.
Okay, then.
Okay, then.
You gain the combat prowess of a mighty hero.
You are engulfed in a cloud of scalding steam.
The fire dragon bites you but does no damage.
The fire dragon claws you but does no damage.
The fire dragon tramples you but does no damage.
You slash the fire dragon!
You tail-slap the fire dragon, but do no damage.
The fire dragon is severely wounded.
You are engulfed in a cloud of scalding steam.
* * * LOW HITPOINT WARNING * * *
The fire dragon bites you but does no damage.
The fire dragon claws you but does no damage.
The fire dragon tramples you but does no damage.
You slice the fire dragon!!
The fire dragon is almost dead.
The fire dragon breathes flames at you. The blast of flame hits you!!!
You die...

♣♣♣♣♣♣
♣♣.≈≈≈♣♣♣
♣♣...≈≈♣.♣
♣P.≈≈≈≈..♣♣
♣...≈♣♣D@..♣♣♣
### ♣.≈≈
♣♣≈≈...♣♣ ##..
..≈≈ ♣♣≈≈♣..♣♣
##.P. .≈.
♣♣≈≈...♣ #....
♣♣ ♣♣≈≈..♣♣
#.... ♣≈..♣.♣♣
#....
♣♣≈≈....♣
#....
♣..≈....♣
#....
♣.♣≈≈≈♣♣.♣♣
#....


You could see a fire dragon (catching breath).

Vanquished Creatures
  Gastronok (Lair:3)
  Fannar (Lair:3)
  The ghost of LustLizard the Cleaver, a journeyman MiBe of Trog (Lair:1)
  4 hydras
  2 boulder beetles
  A catoblepas (Lair:2)
  3 two-headed ogres
  12 death yaks
  A swamp dragon (Lair:6)
  A cyclops (D:8)
  A manticore (Lair:3)
  The ghost of Scuddy the Firebug, a novice DsFE (D:8)
  6 black mambas
  18 elephants
  2 torpor snails
  2 gargoyles (D:8)
  10 cane toads
  8 rime drakes
  7 komodo dragons
  A tengu conjurer (D:8)
  Grinder (D:5)
  A troll (D:9)
  A queen bee (Lair:3)
  A polar bear (Lair:2)
  4 hornets
  23 blink frogs
  A wind drake (Lair:3)
  12 dream sheep
  Sigmund (D:3)
  3 jumping spiders (Lair:2)
  13 spriggans
  44 yaks
  8 wyverns
  2 steam dragons (Lair:6)
  A wraith (D:9)
  3 basilisks
  A redback (Lair:2)
  Menkaure (D:5)
  A warg (Lair:6)
  An acid dragon (Lair:6)
  19 water moccasins
  A swamp drake (Lair:6)
  2 orc warriors (D:7)
  3 sky beasts
  A black bear (Lair:2)
  6 ice beasts
  2 ogres (D:6)
  A necrophage (D:7)
  14 wolves
  3 boggarts (Lair:5)
  7 centaurs
  An elf zombie (Ossuary)
  2 kobold brigands (D:8)
  Blork the orc (D:5)
  A water moccasin zombie (D:5)
  12 bullfrogs
  2 gnoll sergeants (D:8)
  A scorpion (D:6)
  A wyvern skeleton (D:5)
  A hornet simulacrum (D:8)
  26 killer bees
  3 howler monkeys (D:9)
  6 wights (D:8)
  3 electric eels
  2 bullfrog zombies (D:5)
  A hound (D:6)
  A centaur zombie (D:9)
  5 orc priests
  2 centaur skeletons
  2 gnoll shamans (D:8)
  6 orc wizards
  A bullfrog skeleton (D:5)
  9 iguanas
  2 killer bee zombies
  A hound zombie (Ossuary)
  A hound skeleton (D:4)
  4 mummies (Ossuary)
  A killer bee simulacrum (D:8)
  A howler monkey skeleton (D:7)
  A howler monkey zombie (D:8)
  7 gnolls
  6 adders
  2 shadow imps
  4 white imps
  A howler monkey simulacrum (D:8)
  An ufetubus (D:5)
  An adder skeleton (D:4)
  2 adder zombies (Ossuary)
  4 worms
  3 dart slugs
  16 orcs
  5 ball pythons
  2 endoplasms
  5 giant cockroaches
  5 goblins
  5 hobgoblins
  3 jackals (D:2)
  15 kobolds
  3 quokkas
  6 bats
  4 frilled lizards
  2 goblin zombies (Ossuary)
  2 hobgoblin zombies (Ossuary)
  2 kobold zombies (Ossuary)
  2 orc zombies (Ossuary)
  5 rats
478 creatures vanquished.

Vanquished Creatures (others)
  A bush (Lair:6)
  42 fungi
  107 plants
150 creatures vanquished.

Grand Total: 628 creatures vanquished

Notes
Turn   | Place    | Note
-------+----------+-------------------------------------------
     0 | D:1      | Sin92 the Demonspawn Fighter began the quest for the Orb.
     0 | D:1      | Reached XP level 1. HP: 18/18 MP: 1/1
    15 | D:1      | You fall into a shaft and drop 1 floor!
   127 | D:1      | Gained mutation: You sometimes gain a little power by
                  | taking damage. [demonic ancestry]
   127 | D:1      | Reached XP level 2. HP: 24/24 MP: 2/2
   370 | D:1      | Reached skill level 2 in Axes
   694 | D:1      | Reached skill level 1 in Stealth
   730 | D:1      | Reached XP level 3. HP: 26/29 MP: 3/3
   888 | D:2      | Reached skill level 1 in Dodging
  1059 | D:2      | Gained mutation: You may rarely emit foul miasma when
                  | damaged in melee. [demonic ancestry]
  1059 | D:2      | Reached XP level 4. HP: 17/35 MP: 3/5
  1095 | D:2      | Reached skill level 1 in Spellcasting
  1520 | D:2      | Got the Tome of the Noxious Entourage
  2162 | D:3      | Noticed Sigmund
  2176 | D:3      | Killed Sigmund
  2177 | D:3      | Gained mutation: You have a small tail. [demonic ancestry]
  2177 | D:3      | Reached XP level 5. HP: 38/42 MP: 5/7
  2177 | D:3      | Gained mutation: You sometimes emit foul miasma when
                  | damaged in melee. [demonic ancestry]
  2177 | D:3      | Reached XP level 6. HP: 44/48 MP: 5/8
  2274 | D:3      | Found a stormy altar of Qazlal.
  2710 | D:3      | Found a faded altar of an unknown god.
  2840 | D:3      | Found a hazy altar of Hepliaklqana.
  2858 | D:3      | Found a sacrificial altar of Ru.
  2858 | D:3      | Found a burning altar of Makhleb.
  3620 | D:5      | Entered Level 5 of the Dungeon
  3726 | D:5      | Found a shimmering blue altar of Sif Muna.
  3952 | D:5      | Noticed Menkaure
  3960 | D:5      | Killed Menkaure
  3961 | D:5      | Reached skill level 3 in Axes
  3964 | D:5      | Found a sand-covered staircase.
  3970 | Ossuary  | Entered an ossuary
  3976 | Ossuary  | Reached XP level 7. HP: 32/54 MP: 10/10
  4739 | D:5      | Noticed Grinder
  4741 | D:5      | Noticed Blork the orc
  4745 | D:5      | Found a staircase to the Ecumenical Temple.
  4746 | D:5      | HP: 1/55 [Grinder (2)]
  4747 | D:5      | Killed Blork the orc
  4748 | D:5      | Gained mutation: You sometimes gain power by taking damage.
                  | [demonic ancestry]
  4748 | D:5      | Reached XP level 8. HP: 2/61 MP: 12/12
  4749 | D:5      | Killed Grinder
  4785 | Temple   | Entered the Ecumenical Temple
  4942 | Temple   | Became a worshipper of Warmaster Okawaru
  5529 | D:6      | Reached skill level 4 in Axes
  5535 | D:6      | Reached skill level 5 in Fighting
  5772 | D:6      | Reached skill level 1 in Invocations
  5842 | D:6      | Reached * piety under Okawaru
  6031 | D:6      | Gained mutation: You have a tail ending in a sharp stinger.
                  | [demonic ancestry]
  6031 | D:6      | Reached XP level 9. HP: 27/68 MP: 14/14
  6308 | D:6      | Found a shadowy altar of Dithmenos.
  6586 | D:7      | Reached skill level 5 in Armour
  6586 | D:7      | Reached skill level 5 in Shields
  7051 | D:7      | Identified the +9 trident of the Hidden Vale {drain, rC+
                  | MP+9 Dex-5}
  7430 | D:7      | Reached ** piety under Okawaru
  7611 | D:8      | Reached skill level 5 in Axes
  8421 | D:8      | Reached *** piety under Okawaru
  8422 | D:8      | Reached XP level 10. HP: 72/77 MP: 12/15
  8454 | D:8      | Noticed a cyclops
  8455 | D:8      | Noticed a gargoyle
  8456 | D:8      | Noticed a gargoyle
  8457 | D:8      | Noticed a boulder beetle
  8514 | D:8      | Reached skill level 5 in Invocations
  9019 | D:8      | Found a runed translucent gate.
  9019 | D:8      | Found a runed translucent gate.
  9019 | D:8      | Found a runed translucent gate.
  9026 | D:8      | Reached skill level 5 in Dodging
  9064 | D:8      | Killed a gargoyle
  9066 | D:8      | Noticed a two-headed ogre
  9076 | D:8      | Killed a two-headed ogre
  9076 | D:8      | Reached **** piety under Okawaru
  9157 | D:8      | Noticed a two-headed ogre
  9163 | D:8      | Killed a two-headed ogre
  9244 | D:8      | Noticed Scuddy's ghost (novice DsFE)
  9407 | D:8      | Killed a gargoyle
  9408 | D:8      | Reached skill level 6 in Axes
  9418 | D:8      | Found the +8 woodcutter's axe {vorpal}
  9569 | D:8      | Killed a boulder beetle
  9569 | D:8      | Reached ***** piety under Okawaru
  9798 | D:8      | Killed a cyclops
 10077 | D:8      | Got the ring of Benwof {Fire Dex+3}
 10092 | D:8      | Killed Scuddy's ghost
 10093 | D:8      | Gained mutation: You are partially covered in rugged brown
                  | scales. (AC +1, +3% HP) [demonic ancestry]
 10093 | D:8      | Reached XP level 11. HP: 62/86 MP: 13/16
 10277 | D:9      | Found a staircase to the Lair.
 10334 | D:9      | Received a gift from Okawaru
 10614 | D:9      | Noticed a two-headed ogre
 10622 | D:9      | Killed a two-headed ogre
 11602 | D:10     | Entered Level 10 of the Dungeon
 11863 | Lair:1   | Entered Level 1 of the Lair of Beasts
 11873 | Lair:1   | Reached skill level 7 in Axes
 12008 | Lair:1   | Found a runed translucent door.
 12011 | Lair:1   | Noticed LustLizard's ghost (journeyman MiBe)
 12422 | Lair:1   | Identified the +1 ring mail "Jiculuqo" {rN+} (Okawaru
                  | gifted it to you on level 1 of the Lair of Beasts)
 12422 | Lair:1   | Received a gift from Okawaru
 12625 | Lair:1   | Noticed an eight-headed hydra
 12632 | Lair:1   | Killed an eight-headed hydra
 12831 | Lair:1   | Reached skill level 8 in Axes
 12980 | Lair:1   | Reached XP level 12. HP: 96/96 MP: 18/18
 13592 | Lair:1   | Killed LustLizard's ghost
 14527 | Lair:2   | Noticed a catoblepas
 14529 | Lair:2   | Reached ****** piety under Okawaru
 14549 | Lair:2   | Killed a catoblepas
 15063 | Lair:2   | Found a hole to the Spider Nest.
 15076 | Lair:2   | Reached skill level 9 in Axes
 15458 | Lair:2   | Received a gift from Okawaru
 15673 | Lair:2   | Found an opulent altar of Gozag.
 15916 | Lair:3   | Noticed Gastronok
 16263 | Lair:3   | Killed Gastronok
 16805 | Lair:2   | Reached skill level 10 in Axes
 17056 | Lair:3   | HP: 1/99 [wind drake/the air (12)]
 17348 | Lair:3   | Noticed an eight-headed hydra
 17363 | Lair:3   | Killed an eight-headed hydra
 17363 | Lair:3   | Received a gift from Okawaru
 17553 | Lair:3   | Found a staircase to the Shoals.
 17603 | Lair:3   | Noticed Fannar
 17623 | Lair:3   | Killed Fannar
 17624 | Lair:3   | Gained mutation: You are mostly covered in rugged brown
                  | scales. (AC +2, +5% HP) [demonic ancestry]
 17624 | Lair:3   | Reached XP level 13. HP: 73/108 MP: 19/19
 18150 | Lair:3   | Reached skill level 10 in Fighting
 19539 | Lair:4   | Reached skill level 11 in Axes
 20021 | Lair:5   | Received a gift from Okawaru
 20182 | Lair:5   | Found a runed translucent door.
 20183 | Lair:5   | Found a viscous altar of Jiyva.
 20185 | Lair:5   | Found a staircase to the Slime Pits.
 20806 | Lair:5   | Reached skill level 10 in Armour
 20958 | Lair:5   | Reached skill level 10 in Shields
 21382 | Lair:5   | Received a gift from Okawaru
 21406 | Lair:5   | Reached skill level 12 in Axes
 21406 | Lair:5   | Gained mutation: You frequently emit foul miasma when
                  | damaged in melee. [demonic ancestry]
 21406 | Lair:5   | Reached XP level 14. HP: 103/118 MP: 20/20
 22347 | Lair:6   | Entered Level 6 of the Lair of Beasts
 24195 | Lair:6   | Reached skill level 13 in Axes
 24669 | Lair:6   | Killed from afar by a fire dragon

Illustrated notes

Levels and vault maps discovered:
D:1:      minmay_arrival_hallway, layout_basic, minmay_indecisive_spiral
D:2:      layout_basic, lemuel_flame_loot_1
D:3:      wad_pebble_path, layout_loops_corners,
          mainiacjoe_overflow_concentric_impassable, nzn_hepliaklqana_mist_gate,
          gammafunk_temple_overflow_statue, ebering_ecumenical_altar_hall,
          uniq_sigmund
D:4:      layout_gridville, minmay_diced_spiral
D:5:      minmay_skewed_foursquare, layout_basic, nicolae_sif_muna_condensation,
          minmay_temple_entry_trees, nicolae_ossuary_entry_plus,
          hangedman_decor_clover_reticule, uniq_grinder, uniq_menkaure,
          uniq_blork_the_orc
D:6:      layout_rooms, grunt_dithmenos_smoke_and_mirrors, minmay_misc_feat_x
D:7:      layout_loops_ring, kennysheep_cross_room
D:8:      minmay_slanted_spiral_squares, layout_gridville, gammafunk_ghost_icy,
          minmay_statues_item, pf_guarded_unrand_woodcutter
D:9:      layout_basic, minmay_lair_entry_grove, serial_curves, eino_curves_01,
          eino_curves_03, eino_curves_03, minmay_crystal_water,
          hangedman_decor_push
D:10:     layout_layer_cave
Temple:   compressed_dpeg_circular_temple
Lair:1:   layout_regular_city, serial_rivers, chequers_serial_rivers_micro_e,
          chequers_serial_rivers_room_b, chequers_serial_rivers_large_a,
          chequers_serial_rivers_small_b, chequers_serial_rivers_marsh,
          hellmonk_ghost_happy_afterlife, minivault_27,
          grunt_forest_large_clearing_hut
Lair:2:   layout_hall_layers, spider_nest_entry_funnel_web, basic_altar
Lair:3:   layout_gridlike, minmay_shoals_entry_beasts, special_room
          [special_room_bee], uniq_gastronok, uniq_fannar
Lair:4:   layout_roguey
Lair:5:   kb_forest_paths, layout_concentric_octagons, slime_altar_2,
          serial_bayou, serial_bayou_pond_b, serial_bayou_lake_a,
          serial_bayou_crossing, serial_bayou_shore_b, lookout_lair_type,
          lemuel_fruit_tree
Lair:6:   guppyfry_lair_end_dragon, layout_regular_city,
          hangedman_lair_caniforms_friends

Skill      XL: |  1  2  3  4  5  6  7  8  9 10 11 12 13 14 |
---------------+-------------------------------------------+-----
Axes           | 2 3 4 5 6 8 10 12 13 | 13.0
Stealth        | 1 2 3 4 |  4.0
Armour         | 3 4 5 6 7 9 10 | 10.8
Dodging        | 1 2 3 4 5 6 |  6.5
Shields        | 3 4 5 6 7 9 10 | 10.7
Spellcasting   | 1 2 3 |  3.5
Fighting       | 4 5 6 7 8 9 11 | 11.7
Invocations    | 1 4 7 8 |  8.0

Action                   |  1- 3 |  4- 6 |  7- 9 | 10-12 | 13-15 || total
-------------------------+-------+-------+-------+-------+-------++-------
Melee: War axe           |   102 |   102 |   191 |   540 |   570 ||  1505
       Tailslap          |       |     4 |    32 |    91 |   111 ||   238
       Trident           |       |       |       |    10 |       ||    10
       Broad axe         |       |       |       |       |    10 ||    10
Invok: Heroism           |       |       |       |     1 |     3 ||     4
       Finesse           |       |       |       |       |     1 ||     1
Evoke: Wand              |       |       |     1 |       |       ||     1
  Use: Scroll            |     2 |     8 |    11 |     6 |     2 ||    29
       Potion            |       |     2 |     1 |     3 |     1 ||     7
 Stab: Distracted        |       |       |     4 |       |       ||     4
       Sleeping          |       |       |     2 |     1 |       ||     3
Armor: Scale mail        |    60 |    34 |    65 |   245 |       ||   404
       Crystal plate arm |       |       |       |     7 |   488 ||   495
Dodge: Dodged            |    63 |    46 |    81 |   291 |   120 ||   601
Block: Buckler           |    27 |    23 |    46 |   282 |   414 ||   792
       Reflection        |       |       |       |       |     2 ||     2
